 Dungeon Crawl Stone Soup version 0.26.0-18-gc5c842f807 (webtiles) character file.

Game seed: 14707909158405720289

373 kaeus the Firebug (level 6, -16/36 HPs)
             Began as an Octopode Fire Elementalist on Jan 22, 2021.
             Demolished by an ogre
             ... wielding a +0 giant club
              (32 damage)
             ... on level 3 of the Dungeon.
             The game lasted 00:03:12 (4351 turns).

kaeus the Firebug (Octopode Fire Elementalist)      Turns: 4351, Time: 00:03:12

Health: -16/36     AC:  1    Str:  7    XL:     6   Next: 71%
Magic:  10/10      EV: 14    Int: 20    God:
Gold:   176        SH:  0    Dex: 12    Spells: 10/11 levels left

rFire    . . .     SeeInvis .   j - +2 short sword (freeze)
rCold    . . .     Faith    .   (no shield)
rNeg     . . .     Spirit   .   (helmet restricted)
rPois    .         Reflect  .   (no amulet)
rElec    .         Harm     .   (no ring)
rCorr    .         Rampage  .   (no ring)
Will     .....                  (no ring)
Stlth    +++.......             (no ring)
HPRegen  0.12/turn              (no ring)
MPRegen  0.12/turn              (no ring)
                                (no ring)
                                (no ring)

@: no status effects
A: almost no armour, stealthy swim, amphibious, 8 rings, constrict 8, camouflage
1, gelatinous body 1
a: no special abilities


You were on level 3 of the Dungeon.
You visited 1 branch of the dungeon, and saw 4 of its levels.

You collected 176 gold pieces.

Inventory:

Hand Weapons
 j - a +2 short sword of freezing (weapon)
Scrolls
 a - a scroll of teleportation {unknown}
 e - a scroll of enchant armour {unknown}
 g - 8 scrolls of identify {unknown}
 h - 2 scrolls of random uselessness {unknown}
 l - a scroll of fear {unknown}
 m - 2 scrolls of amnesia {unknown}
 n - a scroll of enchant weapon {unknown}
Potions
 b - 2 potions of attraction {unknown}
 c - a potion of lignification {unknown}
 d - a potion of heal wounds
 f - a potion of mutation {unknown}
 i - a potion of might {unknown}
 k - a potion of curing {unknown}
 o - a potion of ambrosia {unknown}


   Skills:
 + Level 3.4 Dodging
 - Level 2.6 Stealth
 + Level 3.3 Spellcasting
 + Level 3.0 Conjurations
 * Level 5.1 Fire Magic


You had 10 spell levels left.
You knew the following spells:

 Your Spells              Type           Power        Failure   Level
a - Foxfire               Conj/Fire      76%          2%          1

Your spell library contained the following spells:

 Spells                   Type           Power        Failure   Level
 Conjure Flame            Conj/Fire      19%          8%          3
 Inner Flame              Hex/Fire       13%          14%         3
 Sticky Flame             Conj/Fire      19%          26%         4
 Fireball                 Conj/Fire      9%           56%         5


Dungeon Overview and Level Annotations

Branches:
Dungeon (4/15)
 Temple: D:4-7

Altars:
Okawaru
Sif Muna

Shops:
D:4 (


Innate Abilities, Weirdness & Mutations

You cannot wear most types of armour.
You are very stealthy in the water. (Stealth+)
You are amphibious.
You can wear up to eight rings at the same time.
You can use your tentacles to constrict eight enemies at once.
Your skin changes colour to match your surroundings (Stealth+).
Your rubbery body absorbs attacks. (AC +1, EV +1)


Message History

There is a stone staircase leading up here.
The ogre hits you with a +0 giant club!
You climb upwards.
Reactivating autopickup.
Found a stone staircase leading up.
There is a stone staircase leading down here.
You take 12 damage, and have 15/36 hp.
MASSIVE DAMAGE!!
You hit the ogre. You freeze the ogre. You squeeze the ogre.
The ogre is moderately wounded.
The ogre misses you.
You barely miss the ogre.
The ogre is moderately wounded.
You barely miss the ogre.
The ogre is moderately wounded.
The ogre misses you.
You hit the ogre. You freeze the ogre. You squeeze the ogre.
The ogre is heavily wounded.
The ogre hits you with a +0 giant club!!
Ouch! That really hurt!
You die...

#.##...## ##...## ##...#
###.....###.....###.....
#.......#.......#......
#.......#.......#......
#..()...#.......#......
##.....###.....###.....
##...##.##...##.##...#
#..#####<.######...#####
#......@O.#.............
#.........#..###........
##.......##..# #########
##.....###..# #######
#..# ####


You could see an ogre.

Vanquished Creatures
  3 scorpions
  Jessica (D:2)
  2 orc wizards
  A hound skeleton (D:4)
  3 adders
  An ooze (D:4)
  An adder skeleton (D:4)
  A worm (D:4)
  3 dart slugs
  4 leopard geckos
  8 orcs
  A ball python (D:3)
  4 giant cockroaches
  8 goblins
  6 hobgoblins
  14 jackals
  4 bats
  4 frilled lizards
  12 kobolds
  5 rats
86 creatures vanquished.

Vanquished Creatures (others)
  A dart slug (D:1)
  A bat (D:1)
  243 foxfires
245 creatures vanquished.

Grand Total: 331 creatures vanquished

Notes
Turn   | Place    | Note
-------+----------+-------------------------------------------
     0 | D:1      | kaeus the Octopode Fire Elementalist began the quest for
                  | the Orb.
     0 | D:1      | Reached XP level 1. HP: 11/11 MP: 3/3
   259 | D:1      | Reached XP level 2. HP: 17/17 MP: 3/5
  1500 | D:2      | Reached XP level 3. HP: 21/21 MP: 3/6
  1532 | D:2      | Noticed Jessica
  1542 | D:2      | Killed Jessica
  1543 | D:2      | Reached XP level 4. HP: 27/27 MP: 1/7
  2043 | D:2      | Reached skill level 4 in Fire Magic
  2043 | D:2      | Reached XP level 5. HP: 21/31 MP: 1/9
  2246 | D:2      | Found an iron altar of Okawaru.
  2753 | D:3      | Found a shimmering blue altar of Sif Muna.
  3785 | D:4      | Found Ciyz's Antique Weapon Shop.
  3871 | D:4      | Reached XP level 6. HP: 36/36 MP: 7/10
  3987 | D:4      | Reached skill level 5 in Fire Magic
  4320 | D:4      | Noticed an ice beast
  4351 | D:3      | Demolished by an ogre

Illustrated notes

Levels and vault maps discovered:
D:1:      amcnicky_arrival_gap_in_the_tavern_cellar, layout_basic, serial_glass,
          glass_columns_c, glass_columns_c, minivault_27, lemuel_flame_loot_1
D:2:      kennysheep_big_flooded_room, layout_loops_corners,
          okawaru_metal_pillars_1_2, uniq_jessica
D:3:      kennysheep_six_static_rooms, layout_rooms, tgw_sif,
          guppyfry_early_orc_mine
D:4:      layout_rooms, minmay_temple_entry_waves, serial_shops, shop

Skill      XL: |  1  2  3  4  5  6 |
---------------+-------------------+-----
Conjurations   | 2 3 |  3.0
Fire Magic     | 4 5 |  5.1
Dodging        | 3 |  3.4
Spellcasting   | 3 |  3.3
Stealth        | |  2.6

Action                   |  1- 3 |  4- 6 || total
-------------------------+-------+-------++-------
Melee: Hand axe          |     6 |       ||     6
       Constrict         |     2 |    17 ||    19
       Short sword       |       |    67 ||    67
       Tentacles         |       |     9 ||     9
 Cast: Foxfire           |    62 |   129 ||   191
  Use: Potion            |       |     2 ||     2
Armor: Skin              |     1 |     2 ||     3
Dodge: Dodged            |     2 |    37 ||    39
